 Dungeon Crawl Stone Soup version 0.17.0-26-gececa24 (webtiles) character file.

924 oplop the Archer (level 7, -2/61 HPs)
             Began as a Centaur Hunter on Nov 20, 2015.
             Was a Believer of Okawaru.
             Slain by a wyvern zombie (14 damage)
             ... on level 6 of the Dungeon.
             The game lasted 00:10:26 (4856 turns).

oplop the Archer (Centaur Hunter)                   Turns: 4856, Time: 00:10:26

Health: -2/61      AC:  5    Str: 16    XL:     7   Next: 84%
Magic:  7/7        EV: 10    Int: 10    God:    Okawaru [**....]
Gold:   241        SH:  0    Dex: 10    Spells: 0 memorised, 6 levels left

rFire  + . .     SeeInvis .     a - +1 shortbow
rCold  . . .     Clarity  .     J - +1 leather armour {rF+}
rNeg   . . .     SustAt   .     (shield currently unavailable)
rPois  .         Gourm    .     (no helmet)
rElec  .         Spirit   .     (no cloak)
rCorr  .         Warding  .     (no gloves)
rMut   .         Stasis   .     (no barding)
MR     .....                    (no amulet)
Stlth  +.........               (no ring)
                                (no ring)

@: very quick, not resistant to hostile enchantments, very unstealthy
A: hooves 3, deformed body, speed 2, tough skin 3
a: Heroism, Renounce Religion


You were on level 6 of the Dungeon.
You worshipped Okawaru.
Okawaru was pleased with you.
You were not hungry.

You visited 1 branch of the dungeon, and saw 6 of its levels.

You collected 241 gold pieces.

Inventory:

Hand Weapons
 a - a +1 shortbow (weapon)
 b - a +3 short sword
Missiles
 d - 83 arrows (quivered)
 g - 45 bolts
 x - 16 arrows of dispersal
 I - 23 arrows of frost
Armour
 c - a +0 leather armour
 E - the +3 scale mail of Joud {Str+4}
   (You found it on level 4 of the Dungeon)

   It affects your strength (+4).
 J - a +1 leather armour of fire resistance (worn)
Jewellery
 r - an uncursed ring of ice
 C - a cursed -3 ring of intelligence {unknown}
 D - an uncursed ring of wizardry {unknown}
Wands
 u - a wand of enslavement (2)
 B - a wand of magic darts (12)
Scrolls
 h - a scroll of enchant weapon {unknown}
 j - a scroll of recharging {unknown}
 k - 6 scrolls of teleportation {unknown}
 l - a scroll of fog {unknown}
 o - 7 scrolls of identify {unknown}
 q - 4 scrolls of remove curse {unknown}
 s - a scroll of enchant armour {unknown}
 y - 2 scrolls of noise {unknown}
 K - 2 scrolls of amnesia {unknown}
Potions
 f - a potion of might {unknown}
 i - a potion of agility {unknown}
 n - 4 potions of curing
 t - a potion of ambrosia {unknown}
 v - a potion of degeneration {unknown}
 w - a potion of beneficial mutation {unknown}
 G - a potion of brilliance {unknown}
Books
 H - a book of Maledictions

   Spells                             Type                      Level
   a - Corona                         Hexes                        1
   b - Ensorcelled Hibernation        Hexes/Ice                    2
   c - Confuse                        Hexes                        3
   d - Tukima's Dance                 Hexes                        3
   e - Dazzling Spray                 Conjuration/Hexes            3
Comestibles
 e - 2 bread rations
 m - 2 meat rations
 p - 4 beef jerkies
 z - 2 royal jellies


   Skills:
 + Level 5.5 Fighting
 + Level 8.5 Bows
 + Level 2.1 Armour
 - Level 3.4 Dodging
 - Level 0.5 Stealth


You had 6 spell levels left.
You didn't know any spells.

Dungeon Overview and Level Annotations

Branches:
Dungeon (6/15)             Temple (0/1) D:5

Altars:
Ashenzari
Cheibriados
Dithmenos
Elyvilon
Gozag
Makhleb
Nemelex Xobeh
Okawaru
Qazlal
Trog
Xom
Yredelemnul
Zin

Shops:
D:5 :


Innate Abilities, Weirdness & Mutations

You have hooves in place of feet.
Armour fits poorly on your strangely shaped body.
You cover ground very quickly.
You have extremely tough skin (AC +3).


Message History

a - a +1 shortbow (weapon)
You are too injured to fight recklessly!
You are too injured to fight recklessly!
Firing (i - inventory. (,) - cycle):
d - 86 arrows (quivered)
Press: ? - help, Shift-Dir - straight line, f - wyvern zombie
Aim: a wyvern zombie You shoot an arrow.
The arrow hits the wyvern zombie!
You see here a cloak.
Firing (i - inventory. (,) - cycle):
d - 85 arrows (quivered)
Press: ? - help, Shift-Dir - straight line, f/p - wyvern zombie
Aim: a wyvern zombie You shoot an arrow.
The arrow hits the wyvern zombie!
The wyvern zombie bites you.
* * * LOW HITPOINT WARNING * * *
Firing (i - inventory. (,) - cycle):
d - 84 arrows (quivered)
Press: ? - help, Shift-Dir - straight line, f/p - wyvern zombie
Aim: a wyvern zombie You shoot an arrow.
The arrow hits the wyvern zombie.
The wyvern zombie bites you!
You die...

#########.....#
...............#
...............#
...........#####
..........#####
####.#.........#
...............#
############...........#
.......).(....[Z@###'###
.############..#.# #.#
.########........###.#
..†....J............>#
#######.#.####.#####'# #
#.#.# #..# .... .. #....
##.# #....# .... #.....
.. #...... ≈≈≈≈..#.....#
#.##....###


You could see a wyvern zombie.

Vanquished Creatures
  A phantom (D:4)
  An ogre (D:4)
  2 black bears
  A sky beast (D:5)
  A giant frog (D:5)
  A centaur (D:5)
  A wyvern skeleton (D:6)
  A crimson imp (D:3)
  An iguana (D:4)
  A centaur zombie (D:5)
  An orc priest (D:5)
  2 worker ants
  A hound skeleton (D:6)
  4 adders
  An adder skeleton (D:4)
  A worm (D:5)
  A giant gecko (D:4)
  13 orcs
  10 bats
  6 giant cockroaches
  5 hobgoblins
  2 quokkas
  2 ball pythons
  A giant cockroach zombie (D:5)
  A giant gecko skeleton (D:4)
  A giant newt (D:2)
  3 goblins (D:2)
  12 jackals
  A jackal skeleton (D:5)
  11 kobolds
  4 rats
  A spectral orc (D:3)
95 creatures vanquished.

Notes
Turn   | Place    | Note
--------------------------------------------------------------
     0 | D:1      | oplop the Centaur Hunter began the quest for the Orb.
     0 | D:1      | Reached XP level 1. HP: 17/17 MP: 1/1
   170 | D:1      | Found a shattered altar of Ashenzari.
   323 | D:1      | Reached XP level 2. HP: 12/24 MP: 2/2
   548 | D:2      | Found a white marble altar of Elyvilon.
   764 | D:2      | Reached XP level 3. HP: 16/30 MP: 3/3
   795 | D:2      | Found a shadowy altar of Dithmenos.
   900 | D:2      | Reached skill level 6 in Bows
  1323 | D:2      | Reached XP level 4. HP: 32/37 MP: 4/4
  1472 | D:2      | Found an iron altar of Okawaru.
  1472 | D:2      | Found a glowing silver altar of Zin.
  1496 | D:2      | Became a worshipper of Warmaster Okawaru
  1723 | D:3      | Found a basalt altar of Yredelemnul.
  1758 | D:3      | Found a shimmering altar of Xom.
  1759 | D:3      | Found a burning altar of Makhleb.
  1840 | D:3      | Found a snail-covered altar of Cheibriados.
  1898 | D:3      | Found an opulent altar of Gozag.
  1898 | D:3      | Found a bloodstained altar of Trog.
  1903 | D:3      | Found a stormy altar of Qazlal.
  1969 | D:3      | Found a sparkling altar of Nemelex Xobeh.
  2699 | D:4      | Noticed an ogre
  2921 | D:4      | Reached XP level 5. HP: 45/45 MP: 5/5
  3039 | D:4      | Noticed a black bear
  3074 | D:4      | Killed a black bear
  3169 | D:4      | Noticed a phantom
  3193 | D:4      | Killed a phantom
  3193 | D:4      | Reached * piety under Okawaru
  3193 | D:4      | Reached skill level 7 in Bows
  3193 | D:4      | Reached XP level 6. HP: 45/52 MP: 6/6
  3401 | D:4      | Killed an ogre
  3659 | D:4      | Got a jacinth-encrusted scale mail
  3670 | D:4      | Identified the +3 scale mail of Joud {Str+4} (You found it on level 4 of the Dungeon)
  3807 | D:5      | Entered Level 5 of the Dungeon
  3825 | D:5      | Found a staircase to the Ecumenical Temple.
  3850 | D:5      | Reached ** piety under Okawaru
  3850 | D:5      | Reached XP level 7. HP: 41/60 MP: 7/7
  3979 | D:5      | Reached skill level 1 in Armour
  4184 | D:5      | Reached skill level 5 in Fighting
  4184 | D:5      | Reached skill level 8 in Bows
  4257 | D:5      | Found Bur Joapp's Book Emporium.
  4856 | D:6      | Slain by a wyvern zombie

Action                   |  1- 3 |  4- 6 |  7- 9 || total
-------------------------+-------+-------+-------++-------
Melee: Short sword       |   108 |    82 |    62 ||   252
 Fire: Shortbow          |    17 |    64 |    34 ||   115
  Eat: Chunk             |       |     2 |       ||     2
       Meat ration       |       |     1 |       ||     1
       Fruit             |       |       |     5 ||     5
